Cogmind - Beta 15 @@@ ROGUE MODE // 2025.09.28 @ 00:08:46 Player: Zable Result: Destroyed by S-27 Virus with Autogun Performance ------------- Evolutions (3) 1500 Regions Visited (6) 1200 Robots Destroyed (63) 315 Value Destroyed (1416) 1416 Prototype IDs (3) 60 Alien Tech Used (0) 0 Bonus (-41) -41 TOTAL SCORE: 4450 Bonus ------- Follower Combat Kills 25 Friendly Fire -66 Cogmind --------- Core Integrity 0/700 Matter 89/300 Energy 98/100 System Corruption 1% Temperature Cool (0) Movement Core (50) Location -7/Factory Parts ------- > --- POWER (2) -------- (None) > --- PROPULSION (3) --- (None) > --- UTILITY (5) ------ Visual Processing Unit > --- WEAPON (3) ------- (None) > --- INVENTORY (5) ---- Advanced Treads Advanced Treads Aluminum Leg Improved Field Recycling Unit (0) Datajack Peak State ------------ > --- POWER ------------ Ion Engine > --- PROPULSION ------- Aluminum Leg Carbon-fiber Leg Armored Wheel > --- UTILITY ---------- Medium Storage Unit Visual Processing Unit Experimental Sensor Array Light Armor Plating > --- WEAPON ----------- Beam Cannon Minigun Grenade Launcher > --- INVENTORY -------- Ion Engine Aluminum Leg Aluminum Leg Hacking Suite Heavy EM Pulse Gun EMP Blaster Datajack Mining Laser [Rating: 26] Favorites ----------- Power Ion Engine Engine Ion Engine Power Core Light Nuclear Core Propulsion Light Treads Treads Light Treads Leg Aluminum Leg Wheel Armored Wheel Utility Medium Storage Unit Device Seismic Detector Storage Medium Storage Unit Processor Visual Processing Unit Hackware Hacking Suite Protection Light Armor Plating Weapon Heavy EM Pulse Gun Energy Gun Heavy EM Pulse Gun Energy Cannon Beam Cannon Ballistic Gun Minigun Launcher EMP Blaster Special Weapon Mining Laser Build | -11 -10 -10 -9 -9 -8 -7 ------- Run | Yrd Mat Min Mat Min Mat Fac Slots Evolved 6 | . . . 2 . 2 2 Power 1 | . . . . . . 1 Propulsion 1 | . . . 1 . . . Utility 3 | . . . 1 . 1 1 Weapon 1 | . . . . . 1 . Parts Attached 46 | 7 4 . 11 10 8 6 Power 5 | 1 . . 2 1 1 . Engine 4 | 1 . . 1 1 1 . Core 1 | . . . 1 . . . Reactor . | . . . . . . . Propulsion 14 | 2 . . 4 3 2 3 Treads 7 | 2 . . 2 . . 3 Leg 6 | . . . 2 2 2 . Wheel 1 | . . . . 1 . . Hover . | . . . . . . . Flight . | . . . . . . . Utility 15 | 2 2 . 3 2 3 3 Device 4 | 1 . . . 1 . 2 Storage 4 | 1 1 . 2 . . . Processor 1 | . . . 1 . . . Hackware 1 | . . . . . . 1 Protection 5 | . 1 . . 1 3 . Artifact . | . . . . . . . Weapon 12 | 2 2 . 2 4 2 . Energy Gun 5 | 1 2 . 1 1 . . Energy Cannon 2 | . . . 1 . 1 . Ballistic Gun 2 | 1 . . . . 1 . Ballistic Cannon . | . . . . . . . Launcher 2 | . . . . 2 . . Special Weapon 1 | . . . . 1 . . Impact Weapon . | . . . . . . . Slashing Weapon . | . . . . . . . Piercing Weapon . | . . . . . . . Special Melee Weapon . | . . . . . . . Unidentified Prototypes 1 | . . . . 1 . . Parts Lost 35 | . . . 5 10 12 8 Power 5 | . . . 1 2 2 . Propulsion 11 | . . . 1 4 3 3 Utility 9 | . . . 1 2 4 2 Weapon 10 | . . . 2 2 3 3 Highest Loss Streak 8 | . . . 2 4 8 6 To Critical Strikes . | . . . . . . . Average Backups 8 | 4 8 10 9 7 6 7 Power . | . 1 1 1 . . . Propulsion 3 | 2 4 4 3 2 1 4 Utility . | . . 1 . . . 1 Weapon 2 | . 1 3 3 3 2 . Tool/Special . | . . . . . . . Unused Backups 14 | . 2 . 5 . . 7 Power 1 | . . . . . . 1 Propulsion 8 | . . . 5 . . 3 Utility 2 | . . . . . . 2 Weapon 2 | . 2 . . . . . Tool/Special 1 | . . . . . . 1 Average Slot Usage (%) 89 | . 99 100 97 98 96 60 Engine 7 | . 14 14 5 9 8 . Core 1 | . . . 5 1 . . Treads 18 | . 27 28 28 16 . 14 Leg 5 | . . . 3 11 17 2 Wheel 2 | . . . . 4 9 2 Device 8 | . 13 11 11 3 6 6 Storage 10 | . 14 14 13 11 9 6 Processor 5 | . . . 6 11 9 7 Hackware 1 | . . . . . . 6 Protection 3 | . . 2 1 6 9 . Energy Gun 13 | . 26 28 13 13 5 1 Energy Cannon 2 | . . . 6 1 9 . Launcher 3 | . . . . 5 8 6 Peak Build Rating 26 | 7 10 11 15 22 26 26 Average Rating 15 | 5 9 10 13 15 22 19 On Entrance 10 | . 7 10 11 15 22 6 Naked Turns . | . . . . . . . Heaviest Build 29 | 13 22 28 29 27 29 28 Greatest Support 66 | 40 40 40 63 63 12 66 Greatest Overweight (x) 3 | . . . . 2 2 3 Average Overweight (x) . | . . . . . 1 . Largest Inventory Capacity 20 | 8 10 10 20 10 10 10 Average Capacity 9 | 7 9 10 10 10 10 9 Most Carried 10 | 6 10 10 10 10 9 10 Average Carried 8 | 4 8 10 9 7 6 7 Final Capacity 10 | 8 10 10 10 10 10 5 Final Carried 10 | 6 10 10 10 7 5 5 Class Distribution -------------------- 83% | Mutant 11% | Skirmisher 4% | Tank Dominant Class ---------------- Mutant | -10/Materials Mutant | -10/Mines Mutant | -9/Materials Mutant | -9/Mines Skirmisher | -8/Materials Mutant | -7/Factory Resources | -11 -10 -10 -9 -9 -8 -7 ----------- Run | Yrd Mat Min Mat Min Mat Fac Matter Collected 781 | 266 57 50 115 172 72 49 Remotely . | . . . . . . . Salvage Created 1713 | 14 119 327 501 365 234 153 Parts 110 | 3 5 23 31 25 15 8 Haulers Intercepted . | . . . . . . . Recyclers Shooed 2 | . . . . 1 1 . Parts Field Recycled 1 | . . . . . . 1 Retrieved Matter 1 | . . . . . . 1 Parts Self-Destructed . | . . . . . . . Prevented . | . . . . . . . Kills | -11 -10 -10 -9 -9 -8 -7 ------- Run | Yrd Mat Min Mat Min Mat Fac Combat Hostiles Destroyed 53 | . 3 10 15 17 6 2 Guns 26 | . 1 9 8 8 . . Cannons 5 | . . . 3 . 2 . AOE 21 | . 2 1 4 8 4 2 Classes Destroyed 9 | 1 1 2 3 1 1 . Worker 3 | . . . . 2 1 . Builder 3 | . . 1 . . 2 . Tunneler 1 | 1 . . . . . . Recycler 2 | . . . 1 . . 1 Watcher 1 | . . . 1 . . . Swarmer 29 | . . 6 10 13 . . Grunt 17 | . 3 4 4 4 2 . Sentry 5 | . . . 1 . 3 1 Hunter 2 | . . . . . 1 1 Best Kill Streak 7 | 1 2 7 7 6 5 2 Combat Bots Only 7 | . 2 6 7 5 2 2 Max Kills in Single Turn 4 | 1 2 2 3 4 2 2 Gunslinging 1 | . . 1 . . . . Exploded 3 | . 2 1 3 3 1 2 Melee . | . . . . . . . Uniques/NPCs Destroyed . | . . . . . . . Combat | -11 -10 -10 -9 -9 -8 -7 -------- Run | Yrd Mat Min Mat Min Mat Fac Hostile Shots Fired 394 | . 5 36 54 77 87 135 Missed 130 | . 1 15 14 14 36 50 Hits 264 | . 4 21 40 63 51 85 Projectile 264 | . 4 21 40 63 51 85 AOE 2 | . . . . . . 2 Critical Strikes 3 | . . . . 1 . 2 Damage Taken 4272 | . 80 228 426 982 1059 1497 Core 1116 | . . 25 65 83 231 712 Absorbed by Shields . | . . . . . . . Redirected to Shielding 100 | . . . . . 100 . Core Remaining (%) 77 | 100 . 90 . 63 58 . Volleys Fired 131 | 3 5 14 39 45 18 7 Largest 3 | 2 2 2 2 2 3 2 Hottest 135 | 60 90 90 105 105 135 100 Shots Fired 231 | 6 10 28 55 70 54 8 Gun 153 | 6 10 28 41 49 18 1 Cannon 39 | . . . 14 7 18 . Launcher 35 | . . . . 13 18 4 Special 4 | . . . . 1 . 3 Kinetic 18 | 3 . . . . 15 . Thermal 46 | 3 . . 14 8 18 3 Explosive 25 | . . . . 7 18 . Electromagnetic 142 | . 10 28 41 55 3 5 Robot Hit Streak 9 | 3 4 9 6 5 9 1 Robot Miss Streak 4 | 2 1 2 3 4 2 1 Penetration Max . | . . . . . . . Secondary Targets 2 | . . 2 . . . . Max Gunslinging Chain 1 | . . 1 . . . . Shots Hit Robots 127 | 3 8 18 29 29 38 2 Core Hits 94 | 1 3 12 19 25 27 7 Critical Kills . | . . . . . . . Critical Parts Destroyed 1 | . . . . . 1 . Critical Strikes 3 | . . . 1 1 1 . Destroy 1 | . . . . . 1 . Corrupt 2 | . . . 1 1 . . Melee Attacks . | . . . . . . . Impact . | . . . . . . . Slashing . | . . . . . . . Piercing . | . . . . . . . Sneak Attacks . | . . . . . . . Combat Hostiles . | . . . . . . . Follow-up Attacks . | . . . . . . . Damage Inflicted 3771 | 40 177 336 556 1063 1196 403 Guns 1259 | 40 110 285 322 344 158 . Cannons 436 | . . . 120 88 228 . Explosions 2075 | . 67 51 114 630 810 403 Melee . | . . . . . . . Ramming 1 | . . . . 1 . . Kinetic 137 | 18 . . . . 119 . Thermal 947 | 22 67 51 234 115 228 230 Explosive 1279 | . . . . 469 810 . Electromagnetic 1407 | . 110 285 322 478 39 173 Impact . | . . . . . . . Slashing . | . . . . . . . Piercing . | . . . . . . . Highest Corruption 4 | . . . . 4 . 1 Average Corruption 3 | . . . . 4 . 1 Corruption Purged . | . . . . . . . Corruption Blocked . | . . . . . . . Effects 8 | . . . . 8 . . Message Errors 1 | . . . . 1 . . Matter Fused 4 | . . . . 4 . . Heat Flow Errors 2 | . . . . 2 . . Data Loss (minor) 1 | . . . . 1 . . Overload Shots . | . . . . . . . Overflow Damage 123 | . . . 5 31 20 67 Projectiles . | . . . . . . . Explosions 123 | . . . 5 31 20 67 Melee . | . . . . . . . Knockbacks . | . . . . . . . Impact . | . . . . . . . Kinetic . | . . . . . . . Secondary . | . . . . . . . Self-Inflicted Damage 441 | . 24 36 59 93 83 146 Shots 17 | . 1 1 2 3 5 5 Rammed 1 | . . . . 1 . . Targets Rammed 2 | . . . . 1 . 1 Kicked 1 | . . . . . . 1 Crushed . | . . . . . . . Highest Temperature 495 | 20 135 261 133 495 315 4 Average Temperature 101 | 13 52 96 51 142 127 4 Received Heat Transfer 708 | . 30 42 33 240 261 102 Effects 6 | . . . . 6 . . Shutdowns 3 | . . . . 3 . . Damage (minor) 1 | . . . . 1 . . Damage (major) 2 | . . . . 2 . . Siege Activations . | . . . . . . . Martial Activations . | . . . . . . . Shielding Activations . | . . . . . . . Robots Disrupted . | . . . . . . . Combat Hostiles . | . . . . . . . Robots Corrupted 1 | . . . . 1 . . Combat Hostiles 1 | . . . . 1 . . Parts Fried 3 | . . 2 1 . . . Impact Corruptions . | . . . . . . . Robots Melted . | . . . . . . . Combat Hostiles . | . . . . . . . Parts Melted 1 | . . . 1 . . . Heat Transferred 1375 | 50 . 50 409 235 481 150 Parts Sabotaged . | . . . . . . . Parts Stolen . | . . . . . . . Parts Stripped . | . . . . . . . Power Chain Reactions 7 | . 1 1 2 2 . 1 Alert | -11 -10 -10 -9 -9 -8 -7 ------- Run | Yrd Mat Min Mat Min Mat Fac Maximum Alert Level 1 | . . . . 1 . 1 Low Security (%) 98 | 100 100 100 100 92 100 99 Level 1 1 | . . . . 7 . . Level 2 . | . . . . . . . Level 3 . | . . . . . . . Level 4 . | . . . . . . . Level 5 . | . . . . . . . High Security . | . . . . . . . Max Security . | . . . . . . . Peak Influence 229 | 5 43 180 174 217 129 229 Initial 62 | . . . 16 37 62 14 Average 51 | . 8 47 117 89 34 13 Influence Increases 1974 | 5 88 265 452 503 326 335 Destroy 0b10 Robot/C 1080 | . 60 200 300 360 120 40 Destroy 0b10 Robot/NC 50 | 5 . 5 10 10 15 5 Destroy Leader 222 | . 10 40 52 50 50 20 Allied During Kill 2 | . . . . 2 . . Successful Hack 45 | . . . 36 . 9 . Disable Machine 105 | . . 15 . . . 90 Destroy Structure 200 | . 3 5 9 51 87 45 Partial Spotted 15 | . . . . . . 15 Lose Combat Pursuer 255 | . 15 . 45 30 45 120 Influence Decreases 1745 | 5 88 222 397 440 454 139 Entered New Map 206 | . . . 27 61 99 19 Time Decay 1183 | 5 88 222 320 269 225 54 Lost Part 326 | . . . 50 90 120 66 Lost Ally 30 | . . . . 20 10 . Squads Dispatched 7 | . 1 . . . 3 3 Investigation 1 | . 1 . . . . . Extermination 2 | . . . . . . 2 Reinforcement 4 | . . . . . 3 1 Assault . | . . . . . . . Garrison . | . . . . . . . Intercept . | . . . . . . . Searches Triggered . | . . . . . . . Construction Impeded 2 | . . . . . 2 . Haulers Reinforced . | . . . . . . . Active Scanning Responses . | . . . . . . . Cargo Convoy Interrupts . | . . . . . . . Stealth | -11 -10 -10 -9 -9 -8 -7 --------- Run | Yrd Mat Min Mat Min Mat Fac Distress Signals 3 | . 1 . 1 . 1 . Communications Jammed . | . . . . . . . Distress Signals . | . . . . . . . Times Spotted 88 | . 7 10 18 19 20 14 Peak Tracking Total 7 | . 3 6 7 4 7 7 Tactical Retreats 8 | . 1 . 2 2 1 2 Traps | -11 -10 -10 -9 -9 -8 -7 ------- Run | Yrd Mat Min Mat Min Mat Fac Traps Triggered 4 | . 2 . . . 1 1 Indirectly . | . . . . . . . Trap Hack Attempts . | . . . . . . . Triggered . | . . . . . . . Disarmed . | . . . . . . . Reprogrammed . | . . . . . . . Reused . | . . . . . . . Traps Extracted . | . . . . . . . Installed . | . . . . . . . Triggered . | . . . . . . . Machines | -11 -10 -10 -9 -9 -8 -7 ---------- Run | Yrd Mat Min Mat Min Mat Fac Machines Disabled 7 | . . 1 . . . 6 Max in Single Turn 6 | . . 1 . . . 6 Machines Repaired . | . . . . . . . Machines Dismantled . | . . . . . . . Machines Sabotaged . | . . . . . . . Overloaded Fab Kills . | . . . . . . . Hacking | -11 -10 -10 -9 -9 -8 -7 --------- Run | Yrd Mat Min Mat Min Mat Fac Machines Accessed 12 | . 1 . 6 . 3 2 Terminals 11 | . 1 . 6 . 3 1 Fabricators . | . . . . . . . Repair Stations . | . . . . . . . Recycling Units 1 | . . . . . . 1 Scanalyzers . | . . . . . . . Garrison Access . | . . . . . . . Total Hacks 45 | . 3 . 21 . 14 7 Successful 19 | . . . 8 . 7 4 Failed 26 | . 3 . 13 . 7 3 Catastrophic 4 | . . . 4 . . . Database Lockouts . | . . . . . . . Manual 34 | . 1 . 21 . 12 . Terminals 39 | . 3 . 21 . 14 1 Fabricators . | . . . . . . . Repair Stations . | . . . . . . . Recycling Units 6 | . . . . . . 6 Scanalyzers . | . . . . . . . Garrison Access . | . . . . . . . Terminal Hacks 3 | . . . . . 2 1 Record 1 | . . . . . 1 . Prototype ID Bank 1 | . . . . . 1 . Zone Layout 1 | . . . . . . 1 Fabricator Hacks . | . . . . . . . Repair Station Hacks . | . . . . . . . Recycling Unit Hacks 3 | . . . . . . 3 Recycle Component 1 | . . . . . . 1 Process 1 | . . . . . . 1 Retrieve Matter 1 | . . . . . . 1 Scanalyzer . | . . . . . . . Garrison Access Hacks . | . . . . . . . Unauthorized Hacks 13 | . . . 8 . 5 . Terminals 13 | . . . 8 . 5 . Track 4 | . . . 3 . 1 . Assimilate 1 | . . . . . 1 . Botnet 8 | . . . 5 . 3 . Fabricators . | . . . . . . . Repair Stations . | . . . . . . . Recycling Units . | . . . . . . . Scanalyzers . | . . . . . . . Garrison Access . | . . . . . . . Data Cores Recovered . | . . . . . . . Used . | . . . . . . . Hacking Detections 9 | . . . 6 . 3 . Full Trace Events . | . . . . . . . Feedback Events . | . . . . . . . Feedback Blocked . | . . . . . . . Robot Schematics Acquired . | . . . . . . . Robots Built . | . . . . . . . Authchips . | . . . . . . . Time . | . . . . . . . Total Robot Build Rating . | . . . . . . . Part Schematics Acquired . | . . . . . . . Parts Built . | . . . . . . . Authchips . | . . . . . . . Time . | . . . . . . . Total Part Build Rating . | . . . . . . . Parts Repaired . | . . . . . . . Time . | . . . . . . . Parts Recycled 1 | . . . . . . 1 Recycled Matter 88 | . . . . . . 88 Retrieved Matter 88 | . . . . . . 88 Retrieved Components . | . . . . . . . Parts Scanalyzed . | . . . . . . . Part Schematics Acquired . | . . . . . . . Parts Damaged . | . . . . . . . Bothacking | -11 -10 -10 -9 -9 -8 -7 ------------ Run | Yrd Mat Min Mat Min Mat Fac Used RIF Installer . | . . . . . . . Robots Hacked . | . . . . . . . Non-combat . | . . . . . . . Combat . | . . . . . . . Robot Hacks Applied . | . . . . . . . Relay Couplers Released . | . . . . . . . Fabnet Peak Effective % . | . . . . . . . Robots Rewired . | . . . . . . . Allies Hacked . | . . . . . . . Hacks Repelled . | . . . . . . . Allies | -11 -10 -10 -9 -9 -8 -7 -------- Run | Yrd Mat Min Mat Min Mat Fac Total Allies 2 | . . . . 1 1 . Largest Group 1 | . . . . 1 1 . Highest-Rated Group 31 | . . . . 31 10 . Highest-Rated Ally 31 | . . . . 31 10 . Total Orders . | . . . . . . . Ally Attacks 4 | . . . . 4 . . Total Damage 43 | . . . . 43 . . Kills 1 | . . . . 1 . . Allies Corrupted . | . . . . . . . Allies Melted . | . . . . . . . Intel | -11 -10 -10 -9 -9 -8 -7 ------- Run | Yrd Mat Min Mat Min Mat Fac Active Infowar (turns) 4288 | 35 367 708 757 668 736 1017 Optics 2879 | . . . 458 668 736 1017 Sensors 696 | . . . . 154 542 . Seismic 1943 | 35 367 708 757 76 . . ECM 5 | . . . . . . 5 Robot Analysis Total . | . . . . . . . Derelict Logs Recovered 4 | . . 2 . 2 . . Drone Launches . | . . . . . . . Drone Recoveries . | . . . . . . . Exploration | -11 -10 -10 -9 -9 -8 -7 ------------- Run | Yrd Mat Min Mat Min Mat Fac Turns Passed 4491 | 110 384 819 757 668 736 1017 Spaces Moved 2487 | 52 186 456 336 368 415 674 Core 63 | 3 . . . . . 60 Treads 1572 | 49 186 456 336 188 . 357 Legs 63 | . . . . . . 63 Wheels 789 | . . . . 180 415 194 Hover . | . . . . . . . Flight . | . . . . . . . Fastest Speed 50 | 50 160 160 160 105 90 50 Average Speed 140 | 153 160 160 160 134 118 129 Slowest Speed 200 | 160 160 160 160 160 120 200 Overloaded Moves . | . . . . . . . Propulsion Burnouts . | . . . . . . . Robots Hopped . | . . . . . . . Potential Cave-ins 2 | . . . . . . 2 Cave-ins Triggered 1 | . . . . 1 . . Exploration Rate (%) 41 | 4 33 95 35 78 29 16 Regions Visited 6 Branch Regions 2 Pre-discovered Areas 3 | . . 2 . 1 . . Known Exits Taken . | . . . . . . . Unknown Exits Taken 6 | 1 1 1 1 1 1 . Scrap Searched 2 | . . 1 . 1 . . Spaces Dug 71 | . . . . 27 . 44 Terrain Destroyed 214 | . 2 5 5 69 88 45 Melee . | . . . . . . . Projectile . | . . . . . . . AOE 214 | . 2 5 5 69 88 45 Terrain Rammed . | . . . . . . . Walls Destroyed . | . . . . . . . Machines Disabled . | . . . . . . . Actions | -11 -10 -10 -9 -9 -8 -7 --------- Run | Yrd Mat Min Mat Min Mat Fac Total 3246 | 73 264 516 504 464 621 804 Wait 500 | 6 55 44 93 26 178 98 Move 2481 | 51 185 455 335 367 414 674 Hop . | . . . . . . . Pick Up 40 | 6 7 . 11 4 2 10 Fast Attach 20 | 7 1 . 4 3 3 2 Attach 29 | . 3 . 6 9 5 6 Detach 6 | . 2 . 1 2 1 . Swap 19 | . 3 3 4 7 . 2 Drop 18 | . 3 . 11 . . 4 Fire 131 | 3 5 14 39 45 18 7 Melee . | . . . . . . . Ram 1 | . . . . 1 . . Kick 1 | . . . . . . 1 Crush . | . . . . . . . Escape Stasis . | . . . . . . . Rewire . | . . . . . . . Trap . | . . . . . . . Miscellaneous . | . . . . . . . Route ------- -11/Scrapyard -10/Materials (discovered 2 exits: *Mat / [*Min]) -10/Mines (discovered 3 exits: *Mat x2 / [*Sub]) -9/Materials (discovered 2 exits: *Mat / [*Min]) -9/Mines (discovered 2 exits: *Mat x2) -8/Materials -7/Factory History --------- Turn | Location | Event 12 | -11/Scrapyard | Discovered new exit (range 15) 111 | -11/Scrapyard | Entered Materials 313 | -10/Materials | Build established: Mutant 413 | -10/Materials | Discovered new exit (range 3) 462 | -10/Materials | Discovered new exit (range 11) 495 | -10/Materials | Entered Mines 505 | -10/Mines | Met a Derelict bent on vengeance 575 | -10/Mines | Learned location of Mines (-9) 607 | -10/Mines | Discovered new exit (range 5) 807 | -10/Mines | Discovered new exit (range 9) 823 | -10/Mines | Discovered new exit (range 13) 1314 | -10/Mines | Entered Materials 1314 | -9/Materials | Evolved 2 slots: Propulsion x1, Utility x1 1431 | -9/Materials | Destroyed 7 combat bots 1881 | -9/Materials | Discovered new exit (range 17) 2036 | -9/Materials | Discovered new exit (range 14) 2071 | -9/Materials | Entered Mines 2178 | -9/Mines | Lost 4 parts (1p1n1u1w) 2183 | -9/Mines | Learned Materials terminal intel 2226 | -9/Mines | Discovered new exit (range 9) 2308 | -9/Mines | Excavation squad dispatched 2308 | -9/Mines | A large section of the Mines collapsed 2324 | -9/Mines | Escorted by a lone wolf Derelict 2480 | -9/Mines | Crushed by falling debris 2511 | -9/Mines | Lost 3 parts (1p2n) 2583 | -9/Mines | Found a damaged Exp. Sensor Array with a note attached 2585 | -9/Mines | Found Prototype Device 2585 | -9/Mines | Identified Exp. Sensor Array 2588 | -9/Mines | Discovered new exit (range 17) 2739 | -9/Mines | Entered Materials 2739 | -8/Materials | Evolved 2 slots: Utility x1, Weapon x1 2740 | -8/Materials | Loaded intel: 12 terminal locations 3038 | -8/Materials | Build established: Skirmisher 3457 | -8/Materials | Discovered new exit (range 17) 3475 | -8/Materials | Entered Factory 3475 | -7/Factory | Evolved 2 slots: Power x1, Utility x1 3505 | -7/Factory | Lost 8 parts (1p2n2u3w) 3767 | -7/Factory | Build established: Mutant 4461 | -7/Factory | Core integrity fell below 50% 4467 | -7/Factory | Core integrity fell below 20% 4491 | -7/Factory | Lost 6 parts (3n2u1w) 4492 | -7/Factory | Destroyed by S-27 Virus with Autogun Last Messages --------------- 04412_ Fusion Modulator explodes. 04412_ Y-54 Guardian destroyed. 04412_ Fusion Modulator explodes. 04412_ Door malfunctions. 04412_ H-55 Commando destroyed. 04418_ EMP Blaster destroyed. 04419_ U-05 Engineer builds a Wall. 04419_ Acquired Lgt. Nuclear Core. 04420_ Dropped Adv. Treads. 04421_ U-05 Engineer repairs door. 04422_ U-05 Engineer lays Concrete. 04425_ U-05 Engineer builds a Wall. 04425_ U-05 Engineer lays Concrete. 04427_ Adv. ECM Suite destroyed. 04429_ Critical hit (Burn: +37). 04442_ Adv. Treads destroyed. 04456_ Arm. Wheel destroyed. 04460_ Power Conduit explodes. 04460_ Hacking Suite destroyed. 04464_ Dropped Med. Storage Unit. Map ----- +----------------------------------------------------+ | ??? ??#??##?????# #?###########+####/#/###""" | | ?" ### ## ###??# #?# + # | | ?" #"""""""""### #?# """ # # | | ? #" "# #?# """ # # | | ?" # "# #?# """ + / | | "" # "# #?# F" # # | | "" "# #?# """" """ # # ! | | %="# #?# """" "" # ###### !* | | = # ### """" # #????#"##" | | / """" # # | | ! ### """" # # """ | | "" " % #?# """" # +?""" ""T" | | "" " [ " #?# # #?""" """" | | Y" # """#?############## # | | "" # " ???????? # ########## | | "" # " ??????? # ## ??? #? | | + " ???????? # #? """ #? | | # = # ??????? # #? """ #? | | # ^ # # ??????? # #? """ #? | | # ########### ??????? # #? #? | | # #??# ??????? # #?? #? | | # #??####+###???####;### #?? ## | | # #???# ##### #?? # | | # #???# o ##?= ///# | | # #???# " +?? // # | | ######## #???# @ k #??? // # | | ??????## ##??# ##### s s #??? # | | ??????# #??## #????######## s #??? # | | ??????# ##### #????? !?# #####/### | | ??????# #??? ! ?# | | ??????# T + # | | ??????# #?""""""""" # | | ??????# ##### ###?? ?# | | ??????# #???# #?????"""""""?# | | ?#########/####???# #?????? ?# #####+#### | | ?# #???# #??????#+##+### # | | ?# #???# #??????# # | | ?# ##### ######## # | | ?# + + """"""" | | ?# ############## # """"""" | | ?# # # # """"""" | | ?# "" "" # # ######## """"""" | | ?# "" "" # # #??????# | | ?# """ """ # # #??????########## | | ?# """ """ # # #???????????????? | | ?# """ """ # + #???????????????? | | ?# # # #???????????????? | | ?##????######## ! # #???????????????? | | ??????????????# ##### #???????????????? | | ??????????????# #???# #???????????????? | +----------------------------------------------------+ Best States ------------- Heat Dissipation 34 Energy Generation 14 Energy Capacity 250 Matter Stores 330 Matter Capacity 500 Sight Range 18 Robot Scan Range 20 Terrain Scan Density 10 ECM Strength 2 Armor Coverage 225 Weapon Shielding 66 Evasion (%) 50 Recoil Reduction 3 Offensive Hacking 10 Item Schematics ----------------- None Robot Schematics ------------------ None Fabricated ------------ Nothing Repaired ---------- Nothing Alien Tech Used ----------------- None Achievements -------------- None Challenges ------------ None Game ------ Seed WeaponsPitchforkLattice Manual? 0 Play Time 00:44:17 Cumulative 16.4 hours Start 2025.09.27 @ 23:22:47 End 2025.09.28 @ 00:08:46 Sessions 1 Manual Loads 0 Difficulty Rogue Special Mode None Game No. 25 Rogue 17 Adventurer 8 Explorer 0 Win Type - Total 0 Types 0/0/0/0/0/0/0/0/0/0 Lore% 11 Gallery% 24 Achievement% 21 Wizard Run 0 Options --------- Layout 1 ASCII 0 Keyboard 0 Movement Numpad Keybinds 0 Fullscreen 1 Font 32/SmallcapsGlow Map View 130x35 Zoom Use 0% Tactical HUD 1 Map Filters NONE Filters NONE Steam 1 RUN: 6c26ec11-1fa0-429a-90fe-89ca54da7a9f